 Dungeon Crawl Stone Soup version 0.31-a0-325-g067879e3d3 (webtiles) character file.

Game seed: 4263175155932499518

35 cforsyth the Changeling (level 3, -2/28 HPs)
             Began as a Vampire Shapeshifter on July 18, 2023.
             Slain by an ice beast (10 damage)
             ... on level 3 of the Dungeon.
             The game lasted 00:01:14 (1187 turns).

cforsyth the Changeling (Vampire Shapeshifter)      Turns: 1187, Time: 00:01:15

Health: -2/28      AC:  2    Str: 16    XL:     3   Next: 16%
Magic:  3/3        EV: 12    Int: 10    God:
Gold:   119        SH:  0    Dex: 14    Spells: 2/2 levels left

rFire   . .          .
                       - Unarmed
rCold   . . .        (no shield)
rNeg    . . .        a - +0 animal skin
rPois   .            (helmet currently unavailable)
rElec   .            (cloak currently unavailable)
rCorr   .            (gloves currently unavailable)
SInv    +            (boots currently unavailable)
Will    .....        (no amulet)
Stlth   +            (no ring)
HPRegen 0.44/turn    (no ring)
MPRegen 0.08/turn

%: no passive effects
@: beast-form, healing quickly
A: beast (slay +2), alive, fangs 3, see invisible, vampiric 2
a: Exsanguinate, Begin Untransformation


You were on level 3 of the Dungeon.
You were a hulking beast.
You visited 1 branch of the dungeon, and saw 3 of its levels.

You collected 119 gold pieces.

Inventory:

Armour
 a - a +0 animal skin (worn)
Talismans
 c - a beast talisman
Scrolls
 g - a scroll of blinking {unknown}
 h - a scroll of immolation {unknown}
 i - 2 scrolls of revelation {unknown}
 j - a scroll of noise {unknown}
 k - a scroll of poison {unknown}
 l - a scroll of fear {unknown}
Potions
 b - a potion of lignification
 d - a potion of attraction {unknown}
 e - a potion of curing
 f - a potion of heal wounds {unknown}
 m - a potion of enlightenment {unknown}
 n - a potion of haste {unknown}


   Skills:
 + Level 2.4 Fighting
 - Level 2.1 Dodging
 + Level 2.9 Unarmed Combat
 + Level 3.6 Shapeshifting


You had 2 spell levels left.
You didn't know any spells.
Your spell library contained the following spells:

 Spells                   Type           Power      Damage    Failure   Level
 Magic Dart               Conj           0%         1d3       36%         1
 Call Imp                 Summ           0%         N/A       50%         2
 Mephitic Cloud           Conj/Pois/Air  0%         N/A       75%         3


Dungeon Overview and Level Annotations

Branches:
Dungeon (3/15)

Altars:
Fedhas


Innate Abilities, Weirdness & Mutations

You are a hulking beast.
Your limbs bulge with bestial killing power. (Slay +2)
Your natural rate of healing is accelerated.
You have razor-sharp teeth.
You have supernaturally acute eyesight. (SInv)
You are afflicted with vampirism and can become a bat while bloodless.


Message History

No target in view!
No target in view!
Found a stone staircase leading up.
An ice beast comes into view.
The ice beast hits you. The ice beast freezes you.
You hit the ice beast.
The ice beast is lightly wounded.
The ice beast barely misses you.
You closely miss the ice beast.
The ice beast is lightly wounded.
The ice beast barely misses you.
You closely miss the ice beast.
The ice beast is lightly wounded.
The ice beast closely misses you.
You hit the ice beast but do no damage.
The ice beast is lightly wounded.
The ice beast hits you but does no damage.
You hit the ice beast but do no damage.
The ice beast is lightly wounded.
The ice beast hits you. The ice beast freezes you!
You are too injured to fight recklessly!
You are too injured to fight recklessly!
You are too injured to fight recklessly!
You are too injured to fight recklessly!
You are too injured to fight recklessly!
You are too injured to fight recklessly!
You are too injured to fight recklessly!
You are too injured to fight recklessly!
You are too injured to fight recklessly!
You hit the ice beast.
The ice beast is moderately wounded.
The ice beast barely misses you.
You hit the ice beast but do no damage.
The ice beast is moderately wounded.
The ice beast hits you. The ice beast freezes you!
* * * LOW HITPOINT WARNING * * *
It was a potion of curing.
You feel better. The ice beast hits you.
* * * LOW HITPOINT WARNING * * *
The ice beast freezes you!
You die...

... #.##.###
#.##.# .#
#.##<# .#
#.##.# #.#
#.##.# ..#
#.##.##.#
#.##....##.#.
#............
##...h..##.#
#.###Y## #.#
.# #.# .. #.#
### #.# #.#


You could see an ice beast.

Vanquished Creatures
  A dart slug (D:1)
  3 endoplasms
  5 goblins
  3 hobgoblins
  5 kobolds
  2 quokkas
  2 ball pythons
  3 bats (D:1)
  3 frilled lizards
  3 rats
30 creatures vanquished.

Notes
Turn   | Place    | Note
-------+----------+-------------------------------------------
     0 | D:1      | cforsyth the Vampire Shapeshifter began the quest for the
                  | Orb.
     0 | D:1      | Reached XP level 1. HP: 16/16 MP: 1/1
   153 | D:1      | Reached XP level 2. HP: 16/22 MP: 2/2
   483 | D:1      | You fall into a shaft and drop 1 floor!
   541 | D:2      | HP: 1/22 [poisoned by a goblin]
   710 | D:2      | Found a blossoming altar of Fedhas.
   722 | D:2      | Gained mutation: You are afflicted with vampirism and can
                  | become a bat while bloodless. [Vampire growth]
   722 | D:2      | Reached XP level 3. HP: 28/28 MP: 3/3
  1178 | D:3      | Noticed an ice beast
  1187 | D:3      | Slain by an ice beast

Illustrated notes

Levels and vault maps discovered:
D:1:      ncdulo_lavacross, layout_basic, minmay_split_cup_small
D:2:      layout_basic, basic_altar
D:3:      layout_loops_ring, zin_statuary, mainiacjoe_overflow_alcove_1,
          serial_shops, shop, chequers_serial_rivers_micro_e, uniq_ijyb,
          uniq_robin

Skill      XL: |  1 |
---------------+----+-----
Fighting       | 2 |  2.4
Dodging        | |  2.1
Unarmed Combat | |  2.9
Shapeshifting  | |  3.6

Action                     || total
---------------------------++-------
  Melee: Unarmed           ||    80
         Bite              ||     5
    Use: Potion            ||     1
   Stab: Sleeping          ||     4
 Armour: Animal skin       ||    10
  Dodge: Dodged            ||    39

Table legend: (Time is in decaauts)
 A = Elapsed time spent in this place.
 B = Non-inter-level travel time spent in this place.
 C = Inter-level travel time spent in this place.
 D = Time resting spent in this place.
 E = Time spent auto-exploring this place.
 F = Levels seen in this place.
 G = Mean time per level.
                   A        B        C        D        E       F      G
               +--------+--------+--------+--------+--------+-----+--------+
         Total |   1182 |   1168 |     14 |      0 |    954 |   3 |  394.0 |
       Dungeon |   1182 |   1168 |     14 |      0 |    954 |   3 |  394.0 |
               +--------+--------+--------+--------+--------+-----+--------+

Top non-repeatable levels by time:
     D:2: 664 daAuts
     D:1: 481 daAuts
     D:3: 37 daAuts
